 Dungeon Crawl Stone Soup version 0.24-a0-512-g2b48af375b (webtiles) character file.

Game seed: 9791228304959528149

1561 Essalna the Caller (level 8, -5/64 HPs)
             Began as a Mummy Summoner on July 20, 2019.
             Was a Follower of Ashenzari.
             Slain by a hog (12 damage)
             ... on level 7 of the Dungeon.
             The game lasted 00:21:26 (6821 turns).

Essalna the Caller (Mummy Summoner)                 Turns: 6821, Time: 00:21:26

Health: -5/64      AC:  4    Str: 12    XL:     8   Next: 58%
Magic:  10/14      EV: 12    Int: 22    God:    Ashenzari [*.....]
Gold:   333        SH:  0    Dex: 12    Spells: 7/15 levels left

rFire    . . .     SeeInvis .   s - +6 dagger "Zuckel" {protect, rF+}
rCold    + . .     Gourm    .   (no shield)
rNeg     + + +     Faith    .   a - +0 robe
rPois    ∞         Spirit   .   p - +0 helmet
rElec    .         Reflect  .   n - scarf {repulsion} (curse)
rCorr    .         Harm     .   (no gloves)
MR       +....                  r - +0 pair of boots
Stlth    ++........             (no amulet)
HPRegen  0.20/turn              e - +6 ring of intelligence (curse)
MPRegen  0.14/turn              (no ring)

@: repel missiles
A: no food or potions, fire vulnerability, cold resistance 1, negative energy
resistance 3, torment resistance, unbreathing
a: Curse Item, Scrying, Renounce Religion


You were on level 7 of the Dungeon.
You worshipped Ashenzari.
Ashenzari was aware of your devotion.
You were not hungry.

You visited 2 branches of the dungeon, and saw 8 of its levels.

You collected 333 gold pieces.

Inventory:

Hand Weapons
 b - a +0 dagger
 j - a +0 dagger of venom
 l - a +1 dagger of venom
 o - a +1 vampiric dagger
 s - the +6 dagger "Zuckel" (weapon) {protect, rF+}
   (You found it on level 4 of the Dungeon)

   It grants its wielder temporary protection when it strikes (+7 to AC).
   It protects you from fire.
Armour
 a - a +0 robe (worn)
 m - a cursed +0 ring mail
 n - a cursed scarf of repulsion (worn)
 p - a +0 helmet (worn)
 r - a +0 pair of boots (worn)
 y - the +1 scale mail "Udurphieh" {rC++ Regen+ Str+4 Int-4}
   (You found it on level 7 of the Dungeon)

   It affects your strength (+4).
   It affects your intelligence (-4).
   It greatly protects you from cold.
   It increases your rate of regeneration.
Jewellery
 e - a cursed +6 ring of intelligence (left hand)
 v - an uncursed ring of resist corrosion
Wands
 q - a wand of flame (37)
 t - a wand of iceblast (7)
Scrolls
 c - 2 scrolls of amnesia {unknown}
 d - 12 scrolls of identify {unknown}
 f - 4 scrolls of fear {unknown}
 g - 2 scrolls of teleportation {unknown}
 h - 3 scrolls of enchant armour {unknown}
 i - a scroll of random uselessness {unknown}
 k - a scroll of remove curse
 u - a scroll of noise {unknown}
 w - a scroll of blinking {unknown}
 x - 2 scrolls of immolation {unknown}


   Skills:
 + Level 5.7 Fighting
 + Level 1.8 Armour
 + Level 2.5 Dodging
 - Level 1.5 Stealth
 + Level 4.0 Spellcasting
 + Level 6.0 Summonings
 + Level 4.1 Air Magic


You had 7 spell levels left.
You knew the following spells:

 Your Spells              Type           Power        Failure   Level  Hunger
a - Summon Small Mammal   Summ           ####         1%          1    N/A
b - Call Canine Familiar  Summ           ####....     2%          3    N/A
c - Summon Lightning Spi  Summ/Air       ####....     14%         4    N/A

Your spell library contained the following spells:

 Spells                   Type           Power        Failure   Level  Hunger
 Call Imp                 Summ           ####....     1%          2    N/A
 Summon Guardian Golem    Hex/Summ       ###.....     10%         3    N/A
 Animate Skeleton         Necr           N/A          11%         1    N/A
 Pain                     Necr           #...         11%         1    N/A
 Vampiric Draining        Necr           #.........   32%         3    N/A
 Summon Ice Beast         Ice/Summ       ###.....     32%         4    N/A
 Animate Dead             Necr           N/A          73%         4    N/A
 Regeneration             Chrm/Necr      Unusable     N/A         3    N/A

Dungeon Overview and Level Annotations

Branches:
Dungeon (7/15)             Temple (1/1) D:4

Altars:
Ashenzari
Cheibriados
Gozag
Kikubaaqudgha
Makhleb
Nemelex Xobeh
Qazlal
Sif Muna
Trog
Uskayaw
Vehumet
Wu Jian
Xom
Yredelemnul
The Shining One

Shops:
D:7 [


Innate Abilities, Weirdness & Mutations

You do not eat or drink.
Your flesh is vulnerable to fire.
You are immune to poison.
Your flesh is cold resistant. (rC+)
You are immune to negative energy. (rN+++)
You are immune to unholy pain and torment.
You can survive without breathing.


Message History

The bolt of electricity hits the human!
The hog bites you!
Your lightning spire shoots out a bolt of lightning at the human!
The bolt of electricity hits the hog!
The bolt of electricity hits the human!
The hog closely misses you. The hog bites your lightning spire!
The hog bites you!
Your lightning spire shoots out a bolt of lightning at the hog!
The bolt of electricity hits the hog.
The hog bites you.
The hog bites your lightning spire but does no damage.
The hog bites you!
* * * LOW HITPOINT WARNING * * *
Your lightning spire shoots out a bolt of lightning at the hog!
The bolt of electricity hits the hog!
The human hits your lightning spire but does no damage.
The human hits your lightning spire with a +0 hand axe.
The hog bites you!
* * * LOW HITPOINT WARNING * * *
The hog bites you!
You die...

#..#..'..# ##...
#..#..#.. #.... #..#..#
#.... #..#'###### #....
#..†......# #....
#...p.....# #....
#...8..h..# #....
#.....hhh.############...
#####+##@........#..##...
..... #.........#.......
..... #.........#.......
..... +.........'.......
..... #.........#.......
..... #.................
..... #........#'#......
.Z... #........+∩+......
# #........#+#.##...


You could see 4 hogs, a human and a friendly lightning spire.

Vanquished Creatures
  A hippogriff (D:7)
  An ice beast (D:5)
  A sky beast (D:7)
  An ogre (D:5)
  A centaur (D:6)
  A wight (D:7)
  A crimson imp (D:7)
  4 hounds
  An orc priest (D:5)
  A centaur skeleton (D:6)
  2 orc wizards
  Natasha (D:4)
  3 worker ants
  2 hound skeletons (D:7)
  A worker ant zombie (D:5)
  5 adders
  An adder skeleton (D:4)
  A worm (D:2)
  3 dart slugs
  3 leopard geckos
  5 orcs
  A ball python (D:6)
  6 bats
  3 giant cockroaches
  5 goblins
  A hobgoblin (D:1)
  3 jackals
  2 kobolds
  2 quokkas (D:2)
  2 frilled lizards
  A leopard gecko zombie (D:5)
  A rat (D:3)
67 creatures vanquished.

Vanquished Creatures (collateral kills)
  A hippogriff (D:7)
  A phantom (D:4)
  A necrophage (D:6)
  2 centaurs (D:7)
  5 wights (D:7)
  A crimson imp (D:5)
  An orc priest (D:7)
  2 hounds
  A bullfrog skeleton (D:4)
  A worker ant (D:7)
  Natasha (twice) (D:4)
  6 orc wizards
  A hound zombie (D:6)
  Robin (D:3)
  A worker ant zombie (D:6)
  8 adders
  An adder skeleton (D:4)
  A worm (D:2)
  A dart slug (D:1)
  3 leopard geckos
  12 orcs
  3 ball pythons
  3 giant cockroaches
  11 goblins
  4 hobgoblins
  3 jackals
  3 bats
  3 frilled lizards (D:2)
  6 kobolds
  2 rats
91 creatures vanquished.

Grand Total: 158 creatures vanquished

Notes
Turn   | Place    | Note
-------+----------+-------------------------------------------
     0 | D:1      | Essalna the Mummy Summoner began the quest for the Orb.
     0 | D:1      | Reached XP level 1. HP: 13/13 MP: 4/4
   495 | D:1      | Reached skill level 1 in Fighting
   580 | D:1      | Reached XP level 2. HP: 20/21 MP: 2/5
   915 | D:2      | You fall into a shaft and drop 2 floors!
   976 | D:3      | Noticed Robin
  1183 | D:4      | Noticed Natasha
  1237 | D:4      | Killed Natasha
  1237 | D:4      | Reached XP level 3. HP: 8/27 MP: 0/7
  1448 | D:4      | Learned a level 3 spell: Call Canine Familiar
  1504 | D:3      | Killed Robin
  1526 | D:3      | Reached skill level 4 in Summonings
  1760 | D:3      | Reached XP level 4. HP: 21/34 MP: 1/8
  1914 | D:3      | Found a glowing golden altar of the Shining One.
  2039 | D:2      | Learned a level 4 spell: Summon Lightning Spire
  3374 | D:4      | Reached skill level 1 in Air Magic
  3374 | D:4      | Reached XP level 5. HP: 38/41 MP: 5/9
  3380 | D:4      | Noticed Natasha
  3387 | D:4      | Killed Natasha
  3388 | D:4      | Noticed a phantom
  3633 | D:4      | Killed a phantom
  3667 | D:4      | Noticed Natasha
  3670 | D:4      | Killed Natasha
  3679 | D:4      | Found a staircase to the Ecumenical Temple.
  3689 | D:4      | Got a slimy dagger
  3719 | Temple   | Entered the Ecumenical Temple
  3729 | Temple   | Became a worshipper of Ashenzari the Shackled
  3735 | Temple   | Identified the +6 dagger "Zuckel" {protect, rF+} (You found
                  | it on level 4 of the Dungeon)
  4366 | D:5      | Entered Level 5 of the Dungeon
  4371 | D:5      | Reached XP level 6. HP: 46/47 MP: 6/10
  4960 | D:5      | Found an ancient bone altar of Kikubaaqudgha.
  4962 | D:5      | Found a hide-covered altar of Uskayaw.
  4977 | D:5      | Noticed an ice beast
  4990 | D:5      | Killed an ice beast
  4990 | D:5      | Reached skill level 5 in Summonings
  5005 | D:5      | Found a bloodstained altar of Trog.
  5072 | D:5      | Found a snail-covered altar of Cheibriados.
  5263 | D:5      | Reached XP level 7. HP: 55/55 MP: 3/11
  5309 | D:6      | Found an ancient bone altar of Kikubaaqudgha.
  5499 | D:6      | Found an ornate altar of the Wu Jian Council.
  5513 | D:6      | Found a basalt altar of Yredelemnul.
  5570 | D:6      | Found a sparkling altar of Nemelex Xobeh.
  5677 | D:6      | Found a stormy altar of Qazlal.
  5682 | D:6      | Found a bloodstained altar of Trog.
  5825 | D:6      | Reached skill level 5 in Fighting
  5828 | D:6      | Found a burning altar of Makhleb.
  5964 | D:7      | Noticed a yak
  5964 | D:7      | Noticed a yak
  5964 | D:7      | Noticed a yak
  5964 | D:7      | Noticed a yak
  5964 | D:7      | Noticed a yak
  5983 | D:7      | Reached * piety under Ashenzari
  5983 | D:7      | Noticed a yak
  6139 | D:7      | Reached XP level 8. HP: 14/62 MP: 9/12
  6337 | D:7      | Noticed a hippogriff
  6345 | D:7      | Noticed a hippogriff
  6346 | D:7      | Killed a hippogriff
  6346 | D:7      | Reached skill level 1 in Armour
  6360 | D:7      | Killed a hippogriff
  6545 | D:7      | Found a shimmering altar of Xom.
  6547 | D:7      | Found a shimmering altar of Xom.
  6547 | D:7      | Found a shimmering altar of Xom.
  6548 | D:7      | Found a shimmering altar of Xom.
  6674 | D:7      | Got the uncursed scale mail "Udurphieh" {rC++ Regen+ Str+4
                  | Int-4}
  6769 | D:7      | Found Bidoorghu's Armour Boutique.
  6791 | D:7      | Reached skill level 6 in Summonings
  6821 | D:7      | Slain by a hog

Levels and vault maps discovered:
D:1:      dpeg_arrival_rhombus, layout_loops_corners, minmay_misc_feat_iff,
          st_stairs_7, minmay_shallow_snake_nest
D:2:      layout_basic, minmay_pentomino_s4
D:3:      layout_basic, lemuel_round_altar, uniq_robin
D:4:      layout_loops_ring, minmay_temple_entry_statues_pillars, first_ration,
          roderic_serpentine_path, chequers_jeans, uniq_natasha
D:5:      layout_cave_pods, minitemple, bloody_trog
D:6:      layout_basic, marbit_many_paths, grunt_temple_overflow_open,
          kennysheep_mini, basic_altar
D:7:      layout_gridville, serial_shops, nicolae_shop_behind_doors,
          grunt_livestock, xom_redecorated
Temple:   nicolae_temple_hex_pool

Skill      XL: |  1  2  3  4  5  6  7  8 |
---------------+-------------------------+-----
Fighting       | 1 2 3 4 5 |  5.7
Summonings     | 4 5 6 |  6.0
Air Magic      | 1 2 3 4 |  4.1
Spellcasting   | 3 4 |  4.0
Armour         | 1 |  1.8
Dodging        | 2 |  2.5
Stealth        | |  1.5

Action                   |  1- 3 |  4- 6 |  7- 9 || total
-------------------------+-------+-------+-------++-------
Melee: Dagger            |    89 |   158 |   120 ||   367
 Cast: Summon Small Mamm |    50 |     1 |       ||    51
       Call Canine Famil |     6 |    16 |     1 ||    23
       Summon Lightning  |       |    10 |    17 ||    27
Invok: Curse Item        |       |     2 |       ||     2
 Stab: Sleeping          |     1 |     1 |     2 ||     4
       Distracted        |       |     2 |       ||     2
Armor: Robe              |    22 |    39 |    65 ||   126
Dodge: Dodged            |    86 |   126 |    75 ||   287
       Deflected         |       |     3 |     5 ||     8

Table legend:
 A = Non-vault XP
 B = Vault XP
 C = Vault XP percentage of total XP
 D = Non-vault monster count
 E = Vault monster count
 F = Vault count percentage of total count
                 A         B        C        D         E       F
            +---------+---------+-------+---------+---------+-------
      Total |    2182 |      48 |   2.2 |     138 |      20 |  12.7
            +---------+---------+-------+---------+---------+-------
        D:1 |      23 |       3 |  11.5 |      14 |       3 |  17.6
        D:2 |      32 |       6 |  15.8 |      16 |       4 |  20.0
        D:3 |      86 |      20 |  18.9 |      29 |      12 |  29.3
        D:4 |     175 |      19 |   9.8 |      10 |       1 |   9.1
        D:5 |     419 |       0 |   0.0 |      26 |       0 |   0.0
        D:6 |     456 |       0 |   0.0 |      19 |       0 |   0.0
        D:7 |     991 |       0 |   0.0 |      24 |       0 |   0.0
            +---------+---------+-------+---------+---------+-------
